 Dungeon Crawl Stone Soup version 0.31-a0-851-g7ff8af7976 (webtiles) character file.

Game seed: 10528866025889502262

113 avis the Ducker (level 4, 21/21 HPs)
             Began as a Felid Fighter on Oct 7, 2023.
             Got out of the dungeon alive.
             The game lasted 00:10:08 (2755 turns).

avis the Ducker (Felid Fighter)                     Turns: 2755, Time: 00:10:08

Health: 21/21      AC:  1    Str: 12    XL:     4   Next: 65%
Magic:  5/5        EV: 21    Int:  9    God:
Gold:   184        SH:  0    Dex: 17    Spells: 3/3 levels left
                                        Lives:  1   Deaths: 1

rFire   . .          .
                       - Unarmed
rCold   . . .        (shield unavailable)
rNeg    . . .        (body armour unavailable)
rPois   .            (helmet unavailable)
rElec   .            (cloak unavailable)
rCorr   .            (gloves unavailable)
SInv    +            (boots unavailable)
Will    .....        (no amulet)
Stlth   ++           (no ring)
HPRegen 0.23/turn    (no ring)
MPRegen 0.09/turn

%: no passive effects
@: quick
A: very small, claws 1, fangs 3, see invisible, speed 1, shaggy fur 1, stealthy
paws, no weapons or thrown items, no armour, multi-lived
a: no special abilities


You escaped.
You visited 1 branch of the dungeon, and saw 4 of its levels.

You collected 184 gold pieces.

Inventory:

Wands
 l - a wand of roots (7)
Scrolls
 c - 2 scrolls of blinking {unknown}
 d - a scroll of torment {unknown}
 e - 2 scrolls of immolation {unknown}
 f - 2 scrolls of vulnerability {unknown}
 i - a scroll of fog {unknown}
 j - a scroll of summoning {unknown}
 m - a scroll of identify {unknown}
 n - 2 scrolls of teleportation {unknown}
Potions
 a - 3 potions of might
 b - 2 potions of resistance {unknown}
 g - 2 potions of lignification {unknown}
 h - a potion of heal wounds {unknown}
 k - a potion of mutation {unknown}


   Skills:
 - Level 3.0 Fighting
 * Level 6.6 Dodging
 + Level 2.8 Stealth
 - Level 4.0 Unarmed Combat


You had 3 spell levels left.
You didn't know any spells.
Your spell library was empty.

Dungeon Overview and Level Annotations

Branches:
Dungeon (4/15)
 Temple: D:4-7

Altars:
Qazlal

Annotations:
D:1 Scorpion
D:4 Blork the orc


Innate Abilities, Weirdness & Mutations

You have sharp claws.
You have razor-sharp teeth.
You have supernaturally acute eyesight. (SInv)
You cover ground quickly. (Speed+)
You are covered in fur. (AC +1)
Your paws help you pounce on unaware monsters.
You are incapable of wielding weapons or throwing items.
You cannot wear armour.
You gain extra lives every three experience levels.


Message History

Blork the orc screams, "I don't like you!"
Blork the orc hits you with a +0 flail!
Ouch! That really hurt!
* * * LOW HITPOINT WARNING * * *
You scratch Blork the orc.
Blork the orc is almost dead.
Blork the orc points at you and mumbles some strange words.
The magic dart hits you!
You die...
Blork the orc misses you.
You rejoin the land of the living...
Found a scroll labelled MOX XUTYUQESAPH.
n - 2 scrolls labelled MOX XUTYUQESAPH (gained 1)
A hobgoblin comes into view.
The hobgoblin shouts!
You scratch the hobgoblin.
The hobgoblin is moderately wounded.
The hobgoblin misses you.
You scratch the hobgoblin. You bite the hobgoblin.
You kill the hobgoblin!
You see here a hobgoblin corpse.
The giant cockroach attacks as it pursues you!
The giant cockroach misses you.
The giant cockroach attacks as it pursues you!
The giant cockroach barely misses you.
There is a stone staircase leading up here.
The giant cockroach completely misses you.
You climb upwards.
There is a stone staircase leading down here.
There is an escape hatch in the ceiling here.
A mysterious force pulls you upwards. The hatch slams shut behind you.
There is a stone staircase leading up here.
You climb upwards.
Level annotation: Scorpion
There is a stone staircase leading down here.
You see here a +0 club.
There is an open door here.
There is an open door here.
There is a staircase leading out of the dungeon here.
You have escaped!

###...###.#############.# ##.##
####.........#### #.#
##...####'####...## #.###.####
#...# ####.## ####.##.## #...#
##.# .....##.#### ###'########.##
####.#.##≈.###.....##..≈##.# #
#.#.#≈~..#.......#..≈≈#.### #
#...#≈≈..'...@...'..~≈#...# #
#.#.#≈≈..#.......#..~≈#.#.# #
#.#.##~.###.)...##..~##.#.# #
#.##.#### ###'########.##.# #
##.#.## #...# ##.##.# # #.##.####
#...# ####.##..# #
#.###^..####'####...##..#####
#####.######.........#####.......
...........########### #.######


There were no monsters in sight!

Vanquished Creatures
  A hound (D:3)
  2 adders (D:3)
  An ufetubus (D:4)
  3 dart slugs
  An orc (D:3)
  3 endoplasms
  8 giant cockroaches
  7 goblins
  4 hobgoblins
  2 jackals (D:1)
  5 kobolds
  2 quokkas (D:2)
  5 ball pythons
  2 bats
  A frilled lizard (D:2)
  4 rats
51 creatures vanquished.

Notes
Turn   | Place    | Note
-------+----------+-------------------------------------------
     0 | D:1      | avis the Felid Fighter began the quest for the Orb.
     0 | D:1      | Reached XP level 1. HP: 10/10 MP: 2/2
   211 | D:1      | Reached skill level 1 in Stealth
   249 | D:1      | Reached XP level 2. HP: 14/14 MP: 3/3
   329 | D:1      | Reached skill level 5 in Dodging
   695 | D:2      | Noticed a scorpion
   829 | D:2      | Reached XP level 3. HP: 17/17 MP: 4/4
  1658 | D:3      | Reached skill level 6 in Dodging
  1658 | D:3      | Reached XP level 4. HP: 21/21 MP: 5/5
  2268 | D:3      | Found a stormy altar of Qazlal.
  2616 | D:4      | Noticed Blork the orc
  2624 | D:4      | HP: 1/21 [Blork the orc/+0 flail (11)]
  2625 | D:4      | Killed from afar by Blork the orc
  2755 | D:$      | Got out of the dungeon alive.

Illustrated notes

Levels and vault maps discovered:
D:1:      dpeg_arrival_another_circle, layout_loops_ring
D:2:      layout_basic, minmay_tripent
D:3:      layout_loops_ring, nicolae_qazlal_eye_of_the_storm
D:4:      layout_loops_corners, minmay_temple_entry_sparse_star,
          uniq_blork_the_orc

Skill      XL: |  1  2  3 |
---------------+----------+-----
Stealth        | 1 2 |  2.8
Dodging        | 5 6 |  6.6
Fighting       | |  3.0
Unarmed Combat | |  4.0

Action                     |  1- 3 |  4- 6 || total
---------------------------+-------+-------++-------
  Melee: Unarmed           |    87 |    49 ||   136
         Bite              |     2 |     2 ||     4
         Punch             |     1 |     1 ||     2
  Evoke: Wand              |       |     4 ||     4
   Stab: Sleeping          |     5 |     3 ||     8
 Armour: Skin              |    14 |     7 ||    21
  Dodge: Dodged            |    59 |    48 ||   107

Table legend: (Time is in decaauts)
 A = Elapsed time spent in this place.
 B = Non-inter-level travel time spent in this place.
 C = Inter-level travel time spent in this place.
 D = Time resting spent in this place.
 E = Time spent auto-exploring this place.
 F = Levels seen in this place.
 G = Mean time per level.
                   A        B        C        D        E       F      G
               +--------+--------+--------+--------+--------+-----+--------+
         Total |   2270 |   2030 |    240 |     76 |   1406 |   4 |  567.5 |
       Dungeon |   2270 |   2030 |    240 |     76 |   1406 |   4 |  567.5 |
               +--------+--------+--------+--------+--------+-----+--------+

Top non-repeatable levels by time:
     D:2: 812 daAuts
     D:1: 693 daAuts
     D:3: 649 daAuts
     D:4: 115 daAuts
